AoeStats
← [SSB] LisanAlGaib

Arabia

508716740Analyzed
3v3 RM · 8d ago on Sep 23, 2026· 32m 47s· 6 players
Game mode
Random Map
Map size
Normal (6 player)
Population
200
Speed
Normal
Resources
Standard
Victory
Conquest
Starting age
Dark Age
Ending age
Imperial Age
RankedLock teamsTeams togetherTeam positionsShared explorationLock speedFull tech treeHidden civsTurbo modeCheats
Victory
Defeat
🇫🇷 Persians · France
1162
+8
🇧🇪 Burgundians · Belgium
1151
+9
🇧🇪 Mongols · Belgium
692
+26
🇩🇪 Varangians · Germany
1012
-16
🇩🇪 Franks · Germany
949
-14
🇩🇪 Huns · Germany
938
-13
P4percut
6:47 Loom
9:45 Feudal Age
10:38 Double-Bit Axe
17:46 Horse Collar
20:38 Wheelbarrow
24:09 Castle Age
23:02 Scale Mail Armor
23:12 Forging
23:52 Arson
25:02 Squires
25:20 Chain Mail Armor
25:40 Iron Casting
25:23 Gold Mining
30:24 Pikeman
30:50 Gambesons
30:58 Fletching
lanumel
5:12 Loom
11:11 Feudal Age
13:09 Wheelbarrow
15:36 Double-Bit Axe
19:17 Castle Age
18:53 Gold Mining
18:54 Stone Mining
19:21 Forging
21:43 Pikeman
25:54 Hand Cart
28:28 Bow Saw
30:31 Bloodlines
30:20 Town Watch
SemmelTheMan
5:31 Loom
10:38 Feudal Age
22:23 Castle Age
23:04 Wheelbarrow
23:20 Double-Bit Axe
29:35 Forging
29:31 Scale Barding Armor
30:25 Hand Cart
[SSB] LisanAlGaib
11:01 Feudal Age
9:17 Loom
13:58 Double-Bit Axe
19:19 Wheelbarrow
18:42 Fletching
18:59 Padded Archer Armor
25:22 Castle Age
27:49 Bodkin Arrow
28:10 Leather Archer Armor
27:20 Crossbowman
31:23 Thumb Ring
[SSB] YzerGeek
7:31 Loom
10:25 Feudal Age
11:08 Double-Bit Axe
16:36 Horse Collar
22:16 Castle Age
21:48 Scale Barding Armor
21:55 Forging
23:59 Cavalier
27:58 Heavy Plow
28:12 Bow Saw
27:56 Gold Mining
31:38 Two-Man Saw
31:19 Gold Shaft Mining
Popomerdo
6:45 Loom
9:07 Feudal Age
9:34 Double-Bit Axe
14:40 Horse Collar
15:51 Forging
21:33 Castle Age
20:03 Gold Mining
21:31 Scale Barding Armor
21:38 Bloodlines
22:16 Wheelbarrow
22:36 Bow Saw
24:12 Iron Casting
23:40 Husbandry
26:18 Gold Shaft Mining
27:28 Chain Barding Armor
28:14 Stone Mining
Connection lost

Rejoining the realm…

Still unreachable

The connection could not be restored.

Session expired

The server has moved on; the page needs a fresh start.